 Dungeon Crawl Stone Soup version 0.18-a0-1413-g4eaa9ac (webtiles) character file.

587 Kidiri the Magician (level 7, -3/38 HPs)
             Began as a Deep Elf Fire Elementalist on Feb 25, 2016.
             Slain by a centaur (10 damage)
             ... on level 5 of the Dungeon.
             The game lasted 00:12:05 (5688 turns).

Kidiri the Magician (Deep Elf Fire Elementalist)    Turns: 5688, Time: 00:12:05

Health: -3/38      AC:  3    Str:  5    XL:     7   Next: 15%
Magic:  13/17      EV: 14    Int: 20    God:
Gold:   25         SH:  0    Dex: 17    Spells: 5 memorised, 4 levels left

rFire  + . .     SeeInvis .     j - +2 dagger
rCold  x . .     Gourm    .     a - +0 robe
rNeg   . . .     Faith    .     (no shield)
rPois  .         Spirit   .     (no helmet)
rElec  .         Dismiss  .     (no cloak)
rCorr  .         Reflect  .     (no gloves)
SustAt .         Harm     .     v - +0 pair of boots
MR     .....                    (no amulet)
Stlth  +++.......               (no ring)
                                o - ring of fire

@: not resistant to hostile enchantments, fairly stealthy
A: agile 1, dopey 1
a: no special abilities


You were on level 5 of the Dungeon.
You were not hungry.

You visited 1 branch of the dungeon, and saw 5 of its levels.

You collected 340 gold pieces.
You spent 315 gold pieces at shops.

Inventory:

Hand Weapons
 j - a +2 dagger (weapon)
Armour
 a - a +0 robe (worn)
 v - a +0 pair of boots (worn)
Jewellery
 o - a ring of fire (left hand)
Wands
 y - a wand of flame (20/48)
Scrolls
 d - 3 scrolls of fear
 e - 2 scrolls of remove curse
 l - a scroll of magic mapping {unknown}
 m - a scroll of amnesia {unknown}
 q - a scroll of teleportation {unknown}
 t - a scroll of enchant armour {unknown}
 x - a scroll of recharging
Potions
 f - a potion of agility
 g - a potion of brilliance {unknown}
 h - a potion of degeneration {unknown}
 i - 2 potions of cancellation
 k - a potion of resistance
 n - a potion of heal wounds
 r - a potion of might {unknown}
 s - a potion of curing {unknown}
 u - 2 potions of flight {unknown}
Books
 b - a book of Flames

   Spells                             Type                      Level
   a - Flame Tongue                   Conjuration/Fire             1
   b - Throw Flame                    Conjuration/Fire             2
   c - Conjure Flame                  Conjuration/Fire             3
   d - Inner Flame                    Hexes/Fire                   3
   e - Sticky Flame                   Conjuration/Fire             4
   f - Fireball                       Conjuration/Fire             5
Comestibles
 c - 2 bread rations
 p - a beef jerky


   Skills:
 + Level 1.4 Fighting
 + Level 4.1 Dodging
 + Level 4.1 Stealth
 * Level 5.9 Spellcasting
 + Level 2.6 Conjurations
 + Level 2.9 Hexes
 + Level 5.0 Fire Magic


You had 4 spell levels left.
You knew the following spells:

 Your Spells              Type           Power        Failure   Level  Hunger
a - Flame Tongue          Conj/Fire      ####.        2%          1    None
b - Throw Flame           Conj/Fire      ####..       3%          2    None
c - Conjure Flame         Conj/Fire      ####....     10%         3    ##.....
d - Inner Flame           Hex/Fire       ####....     10%         3    ##.....
e - Sticky Flame          Conj/Fire      ####....     24%         4    ####...


Dungeon Overview and Level Annotations

Branches:
Dungeon (5/15)
 Temple: D:4-7

Altars:
Ashenzari
Elyvilon
Yredelemnul

Shops:
D:4 ?=


Innate Abilities, Weirdness & Mutations

You are agile. (Dex +2)
You are dopey. (Int -2)


Message History

The crimson imp blinks!
The centaur unwields an uncursed shortbow.
The centaur hits you! The centaur barely misses you.
Unknown command.
Casting: Flame Tongue
Confirm with . or Enter, or press ? or * to list all spells.
Aiming: Sticky Flame
Press: ? - help, Shift-Dir - straight line, f - centaur
Aim: a centaur You feel a surge of power!
The sticky flame hits the centaur.
The centaur is moderately wounded.
The centaur is covered in liquid flames!
The centaur burns!
The centaur hits you but does no damage.
You hit the centaur.
The centaur is severely wounded.
The centaur burns!
The centaur hits you!
* * * LOW HITPOINT WARNING * * *
The centaur hits you!
You die...

### #.. ##.#
####################...
#.....@c5..............
#.##################...
#.# ##.# #.# #.# #.#
#.# #.# #.# #.# #.# #.#
#.# #.# ## #)#


You could see a centaur (burning) and a crimson imp.

Vanquished Creatures
  A sky beast (D:5)
  An ogre (D:5)
  A hound (D:4)
  An orc priest (D:4)
  An orc wizard (D:4)
  An iguana (D:4)
  5 worker ants (D:4)
  10 adders
  An ooze (D:1)
  3 worms
  A dart slug (D:4)
  4 giant geckos
  9 orcs
  6 bats
  3 giant cockroaches
  6 goblins
  8 hobgoblins
  3 jackals (D:2)
  2 quokkas
  A giant newt (D:2)
  4 kobolds
  A quokka skeleton (D:5)
  9 rats
82 creatures vanquished.

Vanquished Creatures (others)
  A ghoul (D:1)
  An octopode (D:1)
  A spriggan (D:1)
  A human (D:1)
  2 nagas (D:1)
  A dwarf (D:1)
  A mummy (D:1)
  2 orcs (D:1)
  2 kobolds (D:1)
  8 tentacles (D:1)
  21 tentacle segments (D:1)
41 creatures vanquished.

Grand Total: 123 creatures vanquished

Notes
Turn   | Place    | Note
--------------------------------------------------------------
     0 | D:1      | Kidiri the Deep Elf Fire Elementalist began the quest for the Orb.
     0 | D:1      | Reached XP level 1. HP: 10/10 MP: 6/6
     0 | D:1      | Noticed an octopode
     0 | D:1      | Noticed a naga
     0 | D:1      | Noticed a kraken
     0 | D:1      | Noticed a ghoul
     0 | D:1      | Noticed a dwarf
     0 | D:1      | Noticed a spriggan
     0 | D:1      | Noticed a human
     0 | D:1      | Noticed a naga
     5 | D:1      | Killed a spriggan
     7 | D:1      | Killed a human
     7 | D:1      | Killed a naga
     8 | D:1      | Killed an octopode
    10 | D:1      | Killed a naga
    11 | D:1      | Killed a ghoul
    12 | D:1      | Killed a dwarf
   313 | D:1      | Reached XP level 2. HP: 15/15 MP: 4/8
   318 | D:1      | Learned a level 2 spell: Throw Flame
  1022 | D:1      | Reached XP level 3. HP: 19/19 MP: 7/10
  1027 | D:1      | Learned a level 3 spell: Conjure Flame
  1060 | D:1      | Learned a level 3 spell: Inner Flame
  1915 | D:2      | Reached XP level 4. HP: 24/24 MP: 2/12
  2585 | D:3      | Found a shattered altar of Ashenzari.
  3287 | D:3      | Reached skill level 1 in Hexes
  3287 | D:3      | Reached XP level 5. HP: 23/28 MP: 9/13
  3586 | D:3      | You fall through a shaft!
  3849 | D:4      | Reached skill level 1 in Fighting
  4035 | D:4      | Learned a level 4 spell: Sticky Flame
  4338 | D:4      | Found a basalt altar of Yredelemnul.
  4451 | D:4      | Reached XP level 6. HP: 34/34 MP: 10/15
  4498 | D:4      | Found Wuygolul's Jewellery Emporium.
  4515 | D:4      | Reached skill level 5 in Spellcasting
  4781 | D:4      | Found Paekid's Magic Scroll Shoppe.
  4802 | D:4      | Bought a scroll of enchant weapon for 105 gold pieces
  4802 | D:4      | Bought a scroll of fear for 49 gold pieces
  4802 | D:4      | Bought a scroll of identify for 28 gold pieces
  4802 | D:4      | Bought a scroll of recharging for 133 gold pieces
  4804 | D:4      | Gained mutation: You are dopey. (Int -2) [potion of mutation]
  4804 | D:4      | Gained mutation: You are agile. (Dex +2) [potion of mutation]
  4985 | D:4      | Found a white marble altar of Elyvilon.
  5254 | D:5      | Entered Level 5 of the Dungeon
  5308 | D:5      | Noticed a sky beast
  5324 | D:5      | Killed a sky beast
  5538 | D:5      | Reached skill level 5 in Fire Magic
  5538 | D:5      | Reached XP level 7. HP: 38/38 MP: 8/17
  5688 | D:5      | Slain by a centaur

Vault maps used:
D:1:      nicolae_arrival_kraken_aquarium_a
D:2:      kennysheep_generic_room_15
D:3:      old_standard_altar, first_bread
D:4:      kennysheep_ying_yang, serial_shops, shop_coins, nicolae_shop_trees,
          minmay_close_crescents
D:5:      temple_statues, uniq_pikel

Skill      XL: |  1  2  3  4  5  6 |
---------------+-------------------+-----
Fire Magic     | 4 5 |  5.0
Spellcasting   | 4 5 |  5.9
Stealth        | 3 4 |  4.1
Dodging        | 3 4 |  4.1
Hexes          | 1 2 |  2.9
Fighting       | 1 |  1.4
Conjurations   | 2 |  2.6

Action                   |  1- 3 |  4- 6 |  7- 9 || total
-------------------------+-------+-------+-------++-------
Melee: Unarmed           |     1 |       |       ||     1
       Dagger            |     2 |     2 |    72 ||    76
 Cast: Flame Tongue      |    37 |    66 |     1 ||   104
       Throw Flame       |    22 |    42 |       ||    64
       Sticky Flame      |       |     3 |     1 ||     4
       Conjure Flame     |       |     1 |       ||     1
  Use: Scroll            |       |     8 |       ||     8
       Potion            |       |     1 |       ||     1
  Eat: Chunk             |     4 |     8 |       ||    12
       Beef jerky        |       |     1 |       ||     1
       Bread ration      |       |     1 |       ||     1
